 Dungeon Crawl Stone Soup version 0.20.0-1-g1cb1d84 (webtiles) character file.

92 straycat the Sneak (level 4, -2/36 HPs)
             Began as a Vampire Wanderer on May 26, 2017.
             Slain by a centaur (7 damage)
             ... on level 2 of the Dungeon.
             The game lasted 00:21:08 (5435 turns).

straycat the Sneak (Vampire Wanderer)               Turns: 5435, Time: 00:21:09

Health: -2/36      AC:  5    Str: 11    XL:     4   Next: 35%
Magic:  4/4        EV: 11    Int: 13    God:
Gold:   186        SH:  0    Dex: 15    Spells: 3/3 levels left

rFire    . . .     SeeInvis +   A - +0 dagger (venom)
rCold    + . .     Gourm    .   (no shield)
rNeg     + + +     Faith    .   p - +0 ring mail
rPois    +         Spirit   .   (no helmet)
rElec    .         Reflect  .   (no cloak)
rCorr    .         Harm     .   (no gloves)
MR       .....                  (no boots)
Stlth    +++.......             (no amulet)
Regen    0.1/turn               u - ring of flight
MPRegen  0.1/turn               y - ring of positive energy

@: regenerating slowly
A: fangs 3, see invisible, mutation resistance 1, robust 1, unbreathing
a: Bat Form, Evoke Flight


You were on level 2 of the Dungeon.
You were thirsty.

You visited 1 branch of the dungeon, and saw 2 of its levels.

You collected 186 gold pieces.

Inventory:

Hand Weapons
 a - a +2 spear
 b - a +0 short sword
 d - a +0 dagger
 v - a +0 dagger of pain
 A - a +0 dagger of venom (weapon)
Missiles
 f - 12 poisoned needles (quivered)
 g - 70 arrows
 h - 82 stones
Armour
 c - a +0 robe
 l - a +0 ring mail
 o - a +0 leather armour
 p - a +0 ring mail (worn)
Jewellery
 u - a ring of flight (left hand)
 y - a ring of positive energy (right hand)
Scrolls
 j - a scroll of amnesia {unknown}
 k - a scroll of remove curse {unknown}
 n - a scroll of noise {unknown}
 q - a scroll of fear {unknown}
 r - 2 scrolls of enchant armour {unknown}
 w - 3 scrolls of identify {unknown}
Potions
 e - 6 potions of blood
 i - a potion of mutation
 m - a potion of heal wounds {unknown}
 s - a potion of berserk rage {unknown}
 t - a potion of curing {unknown}
 x - a potion of agility {unknown}
 z - a potion of resistance {unknown}


   Skills:
 + Level 1.8 Fighting
 * Level 0.0 Short Blades
 - Level 2.6 Polearms
 * Level 2.2 Dodging
 - Level 4.4 Stealth
 + Level 3.0 Unarmed Combat
   Level 3.0 Hexes
   Level 1.0 Summonings


You had 3 spell levels left.
You didn't know any spells.

Dungeon Overview and Level Annotations

Branches:
Dungeon (2/15)

Altars:


Innate Abilities, Weirdness & Mutations

You heal slowly.
You have razor-sharp teeth.
You have supernaturally acute eyesight. (SInv)
You can survive without breathing.
You are somewhat resistant to further mutation.
You are robust. (+10% HP)


Message History

It was a potion of mutation.
You feel extremely strange.
You feel robust.
You feel genetically stable. The centaur barely misses you.
You hit the centaur.
The centaur is poisoned.
The centaur is lightly wounded.
The centaur barely misses you. The centaur hits you.
* * * LOW HITPOINT WARNING * * *
You hit the centaur.
The centaur is lightly wounded.
The centaur hits you but does no damage.
You barely miss the centaur.
The centaur is lightly wounded.
The centaur closely misses you. x2
You barely miss the centaur.
The centaur is lightly wounded.
The centaur hits you but does no damage.
You hit the centaur.
The centaur looks as sick as possible!
The centaur is moderately wounded.
The centaur closely misses you. The centaur hits you!
You die...

# ###.###........<....(.........
####.....>...>......####.......%<
....................# #.........
..........##........# #.........
#.......#..#........####......c.#
..#.###..[.#........##.........##
.##.....................###......
.#######..##>...c##.##.####......
.# ##.##....@................ )#
#..#.#...(...######...... .#
#######.....#.#..#### ####..# .#
#...................## #.....#
.###....................##......#
......................#....###
####.........................#
.............##..........###.....
####..................#### ##..


You could see a centaur.

Vanquished Creatures
  3 adders
  An ooze (D:2)
  A worm (D:2)
  5 dart slugs
  2 leopard geckos
  2 bats
  3 giant cockroaches
  5 hobgoblins
  4 jackals (D:2)
  A quokka (D:1)
  5 frilled lizards
  3 goblins (D:1)
  7 kobolds
  7 rats
49 creatures vanquished.

Notes
Turn   | Place    | Note
-------+----------+-------------------------------------------
     0 | D:1      | straycat the Vampire Wanderer began the quest for the Orb.
     0 | D:1      | straycat set off with: a +2 spear, a +0 short sword, a +0 robe, a +0 dagger, a potion of blood
     0 | D:1      | Reached XP level 1. HP: 15/15 MP: 1/1
   379 | D:1      | Reached skill level 1 in Unarmed Combat
   589 | D:1      | Reached XP level 2. HP: 18/21 MP: 2/2
   843 | D:1      | Reached skill level 1 in Dodging
  1344 | D:2      | Reached XP level 3. HP: 24/26 MP: 3/3
  3361 | D:2      | Reached XP level 4. HP: 30/33 MP: 4/4
  3693 | D:2      | Noticed a centaur
  5430 | D:2      | Gained mutation: You are robust. (+10% HP) [potion of mutation]
  5430 | D:2      | Gained mutation: You are somewhat resistant to further mutation. [potion of mutation]
  5435 | D:2      | Slain by a centaur

Skill      XL: |  1  2  3  4 |
---------------+-------------+-----
Unarmed Combat | 1 2 3 |  3.0
Dodging        | 1 2 |  2.2
Fighting       | |  1.8
Polearms       | |  2.6
Stealth        | |  4.4
Hexes          | |  3.0
Summonings     | |  1.0

Action                   |  1- 3 |  4- 6 || total
-------------------------+-------+-------++-------
Melee: Unarmed           |   212 |    55 ||   267
       Bite              |    31 |     5 ||    36
       Punch             |     1 |     1 ||     2
       Dagger            |       |    20 ||    20
 Abil: Bat Form          |     1 |       ||     1
       End Transformatio |       |     1 ||     1
  Use: Potion            |     4 |     5 ||     9
 Stab: Sleeping          |     7 |     1 ||     8
       Distracted        |     2 |       ||     2
  Eat: Corpse            |     1 |       ||     1
Armor: Robe              |    20 |       ||    20
       Ring mail         |       |     3 ||     3
Dodge: Dodged            |   162 |    52 ||   214
